 Dungeon Crawl Stone Soup version 0.26-a0-579-g3afe4966bf (webtiles) character file.

Game seed: 18281571087351973831

(classic levelgen) 6472 EnegeticOcto the Severer (level 10, -4/84 HPs)
             Began as a Deep Dwarf Fighter on Aug 23, 2020.
             Was a High Priest of Okawaru.
             Slain by a two-headed ogre
             ... wielding a +0 giant club
              (16 damage)
             ... on level 10 of the Dungeon.
             The game lasted 00:09:44 (1486 turns).

EnegeticOcto the Severer (Deep Dwarf Fighter)       Turns: 1486, Time: 00:09:45

Health: -4/84      AC: 15    Str: 23    XL:     10   Next: 68%
Magic:  0/6        EV:  8    Int:  9    God:    Okawaru [*****.]
Gold:   125        SH: 11    Dex: 12    Spells: 9/9 levels left

rFire    + . .     SeeInvis .   a - +0 war axe
rCold    . . .     Faith    .   c - +0 kite shield
rNeg     . . .     Spirit   .   x - +0 plate armour
rPois    .         Reflect  .   p - +0 helmet
rElec    .         Harm     .   (no cloak)
rCorr    .                      (no gloves)
MR       +....                  (no boots)
Stlth    ..........             (no amulet)
HPRegen  0.00/turn              j - ring of protection from fire
MPRegen  0.10/turn              (no ring)

@: heroism, marked, non-regenerating
A: damage resistance, heal wounds, sense surroundings 2, no regeneration
a: Heal Wounds, Heroism, Finesse, Renounce Religion


You were on level 10 of the Dungeon.
You worshipped Okawaru.
Okawaru was extremely pleased with you.
You visited 2 branches of the dungeon, and saw 12 of its levels.

You collected 125 gold pieces.

Inventory:

Hand Weapons
 a - a +0 war axe (weapon)
Missiles
 i - 2 throwing nets (quivered) {!f}
 w - 5 silver javelins
Armour
 b - a +0 scale mail
 c - a +0 kite shield (worn)
 p - a +0 helmet (worn)
 x - a +0 plate armour (worn)
Jewellery
 f - an uncursed ring of fire
 j - a ring of protection from fire (left hand)
 m - an uncursed ring of positive energy
 o - an uncursed ring of ice
Scrolls
 e - 3 scrolls of enchant weapon {unknown}
 g - a scroll of blinking {unknown}
 h - a scroll of fear {!r}
 k - a scroll of amnesia
 q - 2 scrolls of remove curse {@r2}
 s - 3 scrolls of identify {unknown}
 t - a scroll of enchant armour {unknown}
 u - 2 scrolls of fog {unknown}
Potions
 d - a potion of might {@q3 !q}
 l - a potion of magic {unknown}
 n - a potion of flight {unknown}
 r - a potion of resistance {unknown}
 v - a potion of haste {unknown}
 z - a potion of heal wounds {unknown}


   Skills:
 + Level 3.5(8.5) Fighting
 * Level 15.4(20.4) Axes
 - Level 3.2(8.2) Armour
 - Level 3.2(8.2) Shields
 - Level 8.0 Invocations


You had 9 spell levels left.
You didn't know any spells.
Your spell library was empty.

Dungeon Overview and Level Annotations

Branches:
Dungeon (11/15)            Temple (1/1) D:4            Lair (0/6) D:8
    Orc: D:9-12

Altars:
Ashenzari
Cheibriados
Elyvilon
Fedhas
Gozag
Kikubaaqudgha
Makhleb
Okawaru
Trog
Xom
Yredelemnul
Zin
The Shining One

Shops:
D:6 (:


Innate Abilities, Weirdness & Mutations

You are resistant to damage.
You can heal yourself by infusing magical energy.
You passively map the area around you.
You do not regenerate.


Message History

(D) Dungeon (T) Temple (L) Lair
Where to? (Enter - D:9, ? - help)
There is an open door here.
You open the door.
There is an open door here.
There is a stone staircase leading up, spattered with blood here.
There is a stone staircase leading down here.
You climb downwards.
Found 14 gold pieces.
There is a stone staircase leading up here.
Found a stone staircase leading down.
You now have 125 gold pieces (gained 14).
Found a stone staircase leading down.
Found an escape hatch in the floor.
An eye of draining and an orc come into view.
The eye of draining turns its gaze towards you.
A sky beast and a two-headed ogre come into view.
The two-headed ogre shouts in stereo!
The eye of draining gazes at you.
You feel your power leaking away.
Found a stone staircase leading up.
There is a stone staircase leading down here.
You climb downwards.
Found a viscous cyan potion, a scale mail and a robe.
There is a stone staircase leading up here.
A gargoyle comes into view. It is wielding a +1 mace of protection.
Found 17 gold pieces.
Found a stone staircase leading down.
You set off the alarm!
A sentinel's mark forms upon you.
You hear two shouts!
You hear a shout! x5; You hear two shouts!
You hear an angry buzzing noise. x2; You hear a shout!
You hear an angry buzzing noise.
You hear a shout! x4; You hear a croak.
You hear a shout! x5; You hear an angry hiss.
You hear a shout!
You see here a viscous cyan potion.
z - a viscous cyan potion You gain the combat prowess of a mighty hero.
The gargoyle hurls a stone arrow at you.
You block the stone arrow.
The gargoyle hurls a stone arrow at you.
The stone arrow hits you!
A two-headed ogre opens the door.
You hit the gargoyle but do no damage.
The gargoyle hits you with a +1 mace of protection.
You hit the gargoyle but do no damage.
The gargoyle hits you with a +1 mace of protection!
You hit the gargoyle.
The gargoyle is lightly damaged.
You hit the gargoyle but do no damage.
The gargoyle is lightly damaged.
The gargoyle hurls a stone arrow at you.
The stone arrow hits you!
An orc warrior comes into view. It is wielding a +0 hand axe.
You are too injured to fight recklessly!
You are too injured to fight recklessly!
You are too injured to fight recklessly!
You are too injured to fight recklessly!
You are too injured to fight recklessly!
You are too injured to fight recklessly!
You are too injured to fight recklessly!
You are too injured to fight recklessly!
You are too injured to fight recklessly!
You are too injured to fight recklessly!
You hit the gargoyle but do no damage.
The gargoyle is lightly damaged.
The gargoyle hurls a stone arrow at you.
The stone arrow hits you!
You feel much better.
An orc priest comes into view.
You block the gargoyle's attack.
A two-headed ogre comes into view.
It is wielding a +0 giant spiked club and a +0 giant club.
An orc wizard comes into view. It is wielding a +0 dagger.
There is a stone staircase leading up here.
The gargoyle hurls a stone arrow at you.
The stone arrow misses you.
The two-headed ogre hits you with a +0 giant club!!
You block the two-headed ogre's attack.
The orc wizard gestures at you while chanting.
The magic dart hits you.
You climb upwards.
You block the two-headed ogre's attack.
The two-headed ogre hits you but does no damage.
The orc barely misses you. You block the sky beast's attack.
The two-headed ogre barely misses you.
The two-headed ogre hits you with a +0 dire flail.
There is a stone staircase leading down here.
The sky beast flickers out of sight!
Deactivating autopickup; reactivate with Ctrl-A.
Something hits you but does no damage. The orc barely misses you.
The eye of draining gazes at you.
You feel your power leaking away. The two-headed ogre closely misses you.
The two-headed ogre hits you with a +0 giant club!
An orc warrior comes into view. It is wielding a +0 short sword.
You block the orc's attack. "This is how I like it!"
You swap places with the orc.
Some monsters swap places.
The orc looks rather confused.
The eye of draining looks rather confused.
The two-headed ogre hits you with a +0 giant club!
* * * LOW HITPOINT WARNING * * *
The two-headed ogre hits you with a +0 giant club!!
You die...

#### #....# #....#
##<...#### * * * #....#
#......... ,* ##*
#....###.....####, *
###..**##.......#### ,
, ..o.. ##.........## *
,
##...##...........####
*#....>................
, ........@O........###
, #........o.......## *
* #.......#O..#...## *
*#.....G...#####.# , *
....>..>...<..#..# * **
.#......#####...... , ,
* , #......# ##.## * *,
* #......# .# *
........# * # * *


You could see 2 two-headed ogres, an eye of draining (confused), an orc warrior
and an orc (confused).

Vanquished Creatures
  Gastronok (D:9)
  3 centaur zombies (D:7)
  2 centaur skeletons
  A komodo dragon (D:9)
  2 hellwings (D:7)
  4 yaks (D:8)
  3 orc warriors
  An ice beast (D:8)
  A hornet zombie (D:7)
  2 phantoms
  A centaur (D:5)
  2 ogres
  A big kobold (D:4)
  2 wyvern zombies (D:7)
  2 bullfrogs
  2 scorpions (D:6)
  2 howler monkeys (D:8)
  2 jellies
  3 hounds
  4 orc priests
  A gnoll shaman (D:5)
  2 iguanas (D:8)
  4 worker ants
  5 orc wizards
  A hound skeleton (D:4)
  A worker ant zombie (D:6)
  3 adders
  12 gnolls
  3 shadow imps (D:7)
  A white imp (D:8)
  An adder zombie (D:6)
  4 leopard geckos
  19 orcs
  2 giant cockroaches
  2 hobgoblins
  3 jackals (D:6)
  2 quokkas
  A ball python skeleton (D:4)
  2 kobolds
  2 leopard gecko zombies
  A quokka skeleton (D:6)
  A rat (D:2)
114 creatures vanquished.

Vanquished Creatures (others)
  8 plants
  A withered plant (D:7)
9 creatures vanquished.

Grand Total: 123 creatures vanquished

Notes
Turn   | Place    | Note
-------+----------+-------------------------------------------
     0 | D:1      | EnegeticOcto the Deep Dwarf Fighter began the quest for the
                  | Orb.
     0 | D:1      | Reached XP level 1. HP: 20/20 MP: 1/1
    66 | D:2      | Reached skill level 3 in Axes
    66 | D:2      | Reached XP level 2. HP: 22/27 MP: 2/2
   102 | D:3      | Your magical essence is drained by the effort!
   107 | D:3      | Reached XP level 3. HP: 29/33 MP: 2/2
   108 | D:3      | Reached skill level 4 in Axes
   190 | D:4      | Noticed a phantom
   192 | D:4      | Your magical essence is drained by the effort!
   199 | D:4      | Reached XP level 4. HP: 35/40 MP: 2/2
   204 | D:4      | Reached skill level 5 in Axes
   211 | D:4      | Found a shattered altar of Ashenzari.
   238 | D:4      | Killed a phantom
   238 | D:4      | Reached skill level 6 in Axes
   238 | D:4      | Reached XP level 5. HP: 40/46 MP: 3/3
   276 | D:4      | Found a staircase to the Ecumenical Temple.
   299 | D:4      | Reached skill level 7 in Axes
   299 | D:4      | Reached XP level 6. HP: 36/55 MP: 4/4
   303 | Temple   | Entered the Ecumenical Temple
   309 | Temple   | Became a worshipper of Xom of Chaos
   338 | Temple   | Fell from the grace of Xom
   338 | Temple   | Became a worshipper of Warmaster Okawaru
   420 | D:5      | Entered Level 5 of the Dungeon
   477 | D:5      | Reached skill level 8 in Axes
   541 | D:6      | Found Orizaby's Weapon Shop.
   552 | D:6      | Reached * piety under Okawaru
   552 | D:6      | Reached XP level 7. HP: 48/61 MP: 5/5
   642 | D:6      | Found Beuhug's Book Shoppe.
   711 | D:5      | Reached skill level 1 in Invocations
   744 | D:5      | Reached skill level 9 in Axes
   744 | D:5      | Reached skill level 2 in Invocations
   815 | D:6      | Your magical essence is drained by the effort!
   841 | D:6      | Your magical essence is drained by the effort!
   842 | D:6      | Reached skill level 3 in Invocations
   932 | D:7      | XOM: 1-stop teleportation journey
   933 | D:7      | Noticed a hellwing
   933 | D:7      | Noticed a hellwing
   965 | D:7      | Killed a hellwing
   965 | D:7      | Reached ** piety under Okawaru
   965 | D:7      | Reached skill level 10 in Axes
   965 | D:7      | Reached skill level 4 in Invocations
   965 | D:7      | Reached XP level 8. HP: 32/68 MP: 4/7
   975 | D:7      | Reached skill level 5 in Invocations
   983 | D:7      | Your magical essence is drained by the effort!
   990 | D:7      | Reached *** piety under Okawaru
   990 | D:7      | Reached skill level 11 in Axes
   990 | D:7      | Reached skill level 6 in Invocations
   995 | D:7      | XOM: cast spell 'Disjunction'
  1008 | D:7      | Your magical essence is drained by the effort!
  1019 | D:7      | Killed a hellwing
  1019 | D:7      | Gained mutation: You passively map the area around you.
                  | [Deep Dwarf growth]
  1019 | D:7      | Reached XP level 9. HP: 48/74 MP: 6/8
  1020 | D:7      | Reached **** piety under Okawaru
  1020 | D:7      | Reached skill level 12 in Axes
  1020 | D:7      | Reached skill level 7 in Invocations
  1023 | D:7      | Received a gift from Okawaru
  1025 | D:7      | Reached skill level 8 in Invocations
  1093 | D:8      | Your magical essence is drained by the effort!
  1097 | D:8      | Reached skill level 13 in Axes
  1113 | D:8      | Noticed Gastronok
  1125 | D:9      | Your magical essence is drained by the effort!
  1143 | D:8      | Noticed a komodo dragon
  1165 | D:9      | Killed a komodo dragon
  1197 | D:9      | Your magical essence is drained by the effort!
  1198 | D:9      | Reached XP level 10. HP: 67/81 MP: 7/7
  1223 | D:9      | Killed Gastronok
  1223 | D:9      | Reached ***** piety under Okawaru
  1223 | D:9      | Reached skill level 15 in Axes
  1307 | D:8      | Found a staircase to the Lair.
  1334 | D:8      | Reached skill level 3 in Fighting
  1346 | D:8      | Your magical essence is drained by the effort!
  1444 | D:10     | Entered Level 10 of the Dungeon
  1458 | D:10     | Noticed a two-headed ogre
  1464 | D:11     | Noticed a gargoyle
  1470 | D:11     | Noticed a two-headed ogre
  1478 | D:11     | Noticed a two-headed ogre
  1485 | D:10     | XOM: swap monsters
  1486 | D:10     | Slain by a two-headed ogre

Illustrated notes

Levels and vault maps discovered:
D:1:      ebering_trefoil_twist, layout_loops_ring, minmay_quantized
D:2:      layout_loops_ring
D:3:      layout_loops_ring, gammafunk_temple_overflow_elements,
          okawaru_ov_weapons_minmay
D:4:      layout_rooms, minmay_temple_entry_glass, cheibrodos_ashenzari_chains
D:5:      layout_loops_cross, uniq_ijyb
D:6:      layout_loops_cross, lemuel_doored_altar, serial_shops, shop,
          nicolae_shop_stone, shop, serial_bayou_pond_a,
          kennysheep_decorative_pillar
D:7:      cheibrodos_grave_circle, layout_loops_ring, tgw_sif, uniq_duvessa,
          uniq_menkaure
D:8:      layout_cave_pools, david_lair_shrubbed, serial_shops,
          nicolae_shop_waterfront, uniq_gastronok
D:9:      layout_loops_corners, chequers_temple_overflow_statue_of_worship,
          grunt_ministairs_2
D:10:     layout_rooms, uniq_snorg
D:11:     layout_roguey, minivault_1, kennysheep_generic_room_16
Temple:   nicolae_temple_elliptical

Skill      XL: |  1  2  3  4  5  6  7  8  9 10 |
---------------+-------------------------------+-----
Axes           | 3 4 6 7 8 10 11 13 15 | 15.4
Invocations    | 4 6 8 |  8.0
Fighting       | 3 |  3.5
Armour         | |  3.2
Shields        | |  3.2

Action                   |  1- 3 |  4- 6 |  7- 9 | 10-12 || total
-------------------------+-------+-------+-------+-------++-------
Melee: War axe           |    48 |   100 |   222 |    94 ||   464
Invok: Heroism           |       |       |     4 |     3 ||     7
 Abil: Heal Wounds       |     6 |     5 |    23 |     8 ||    42
  Use: Scroll            |       |     2 |       |     1 ||     3
Armor: Scale mail        |    36 |    42 |   139 |       ||   217
       Plate armour      |       |       |     5 |    47 ||    52
Dodge: Dodged            |    36 |    29 |   107 |    19 ||   191
Block: Kite shield       |    59 |    48 |   198 |    41 ||   346

Table legend: (Time is in decaauts)
 A = Elapsed time spent in this place.
 B = Non-inter-level travel time spent in this place.
 C = Inter-level travel time spent in this place.
 D = Time resting spent in this place.
 E = Time spent auto-exploring this place.
 F = Levels seen in this place.
 G = Mean time per level.
                   A        B        C        D        E       F      G
               +--------+--------+--------+--------+--------+-----+--------+
         Total |   1523 |   1472 |     51 |      0 |      0 |  12 |  126.9 |
       Dungeon |   1457 |   1406 |     51 |      0 |      0 |  11 |  132.5 |
        Temple |     65 |     65 |      0 |      0 |      0 |   1 |   65.0 |
               +--------+--------+--------+--------+--------+-----+--------+

Top non-repeatable levels by time:
     D:6: 284 daAuts
     D:8: 230 daAuts
     D:5: 226 daAuts
     D:4: 213 daAuts
     D:7: 155 daAuts
     D:9: 124 daAuts
     D:3: 97 daAuts
  Temple: 65 daAuts
     D:1: 55 daAuts
     D:2: 30 daAuts
    D:10: 22 daAuts
    D:11: 18 daAuts
